 Dungeon Crawl Stone Soup version 0.17.0-57-g0e89251 (webtiles) character file.

4 DeXoteric the Chiller (level 1, 0/10 HPs)
             Began as a Vine Stalker Wanderer on Dec 7, 2015.
             Slain by a gnoll
             ... wielding a +0 whip
              (4 damage)
             ... on level 1 of the Dungeon.
             The game lasted 00:02:54 (285 turns).

DeXoteric the Chiller (Vine Stalker Wanderer)        Turns: 285, Time: 00:02:54

Health: 0/10       AC:  8    Str: 14    XL:     1   Next: 70%
Magic:  0/3        EV:  5    Int: 10    God:
Gold:   44         SH:  0    Dex: 15    Spells: 0 memorised, 2 levels left

rFire  . . .     SeeInvis .     a - +0 dagger
rCold  . . .     Clarity  .     l - +0 chain mail
rNeg   . . .     SustAt   .     (no shield)
rPois  .         Gourm    .     (no helmet)
rElec  .         Spirit   +     (no cloak)
rCorr  .         Warding  .     (no gloves)
rMut   .         Stasis   .     (no boots)
MR     .....                    (no amulet)
Stlth  ..........               (no ring)
                                (no ring)

@: not resistant to hostile enchantments, extremely unstealthy
A: fangs 2, regeneration 1, magic shield, antimagic bite, no device heal 3, rot
immunity
a: no special abilities


You were on level 1 of the Dungeon.
You were not hungry.

You visited 1 branch of the dungeon, and saw 1 of its levels.

You collected 44 gold pieces.

Inventory:

Hand Weapons
 a - a +0 dagger (weapon)
Missiles
 b - 5 curare-tipped needles
Armour
 d - a +0 robe
 l - a +0 chain mail (worn)
Scrolls
 g - a scroll of blinking {unknown}
 k - a scroll of identify {unknown}
Potions
 i - a potion of heal wounds {unknown}
 j - 2 potions of curing {unknown}
 m - a potion of flight {unknown}
Books
 c - the Reference Book on the Snowflakes

   Spells                             Type                      Level
   a - Throw Frost                    Conjuration/Ice              2
   b - Ensorcelled Hibernation        Hexes/Ice                    2
 e - a book of Minor Magic

   Spells                             Type                      Level
   a - Magic Dart                     Conjuration                  1
   b - Blink                          Translocation                2
   c - Call Imp                       Summoning                    2
   d - Repel Missiles                 Charms/Air                   2
   e - Slow                           Hexes                        2
   f - Conjure Flame                  Conjuration/Fire             3
   g - Mephitic Cloud                 Conjuration/Poison/Air       3
Comestibles
 f - a bread ration
 n - a meat ration


   Skills:
 - Level 1.0 Fighting
 + Level 0.3 Short Blades
 - Level 2.9 Stealth
   Level 1.0 Shields
 - Level 1.0 Unarmed Combat
 - Level 1.1 Spellcasting
   Level 1.0 Fire Magic
   Level 3.0 Ice Magic


You had 2 spell levels left.
You didn't know any spells.

Dungeon Overview and Level Annotations

Branches:
Dungeon (1/15)

Altars:


Innate Abilities, Weirdness & Mutations

You have extremely sharp teeth.
Your natural rate of healing is unusually fast.
When hurt, damage is shared between your health and your magic reserves.
Your bite disrupts and absorbs the magic of your enemies.
Potions and wands cannot restore your health.
You are immune to rotting.


Message History

You see here 25 stones.
The gnoll barely misses you.
You hit the gnoll. Your bite misses the gnoll.
The gnoll hits you but does no damage.
You hit the gnoll but do no damage. You bite the gnoll, but do no damage.
The gnoll hits you with a whip.
Your chain mail prevents you from hitting the gnoll.
Your bite misses the gnoll. The gnoll hits you with a whip.
* * * LOW HITPOINT WARNING * * *
You are too injured to fight recklessly!
You are too injured to fight recklessly!
You are too injured to fight recklessly!
You closely miss the gnoll. The gnoll hits you but does no damage.
All of the chunks of flesh in your inventory have rotted away.
You hit the gnoll but do no damage. You bite the gnoll. You drain its power.
You feel invigorated. The gnoll barely misses you.
You hit the gnoll. Your bite misses the gnoll. The gnoll barely misses you.
You barely miss the gnoll. You bite the gnoll, but do no damage.
The gnoll hits you with a whip!
You die...

.....######.# #.###########
.....# #.# #.#
.....######.# #.#
............# #.#
............# #.#
............# #.#
............# #.#
.##.........# #(#
.##.........# #f#
.##..........# #g#
.##........#.###.##########
.#####...###.............)#
.# ...#................# .#
#................# .#
#................# .#
#####............# .#
#............#


You could see a gnoll.

Vanquished Creatures
  A giant gecko (D:1)
  A hobgoblin (D:1)
  A goblin (D:1)
  A rat (D:1)
4 creatures vanquished.

Notes
Turn   | Place    | Note
--------------------------------------------------------------
     0 | D:1      | DeXoteric the Vine Stalker Wanderer began the quest for the Orb.
     0 | D:1      | DeXoteric set off with: a book of Minor Magic, a +0 spear, the Reference Book on the Snowflakes, a +0 robe, a +0 dagger, a bread ration
     0 | D:1      | Reached XP level 1. HP: 10/10 MP: 3/3
     2 | D:1      | Identified the Reference Book on the Snowflakes
   285 | D:1      | Slain by a gnoll

Action                   || total
-------------------------++-------
Melee: Dagger            ||    26
